MLB
WASHINGTON NATIONALS @ LOS ANGELES DODGERS
05/11/2019
 
TOP OF THE 1ST
Washington Nationals batting - Pitching for Los Angeles Dodgers : RHP Chris Archer
Pitching: RHP Chris Archer
Batting: RHB Chris Taylor 0-0: Foul Ball, location: 2F
0-1: Bunt for hit to 23 - play at first, batter OUT! 3-4
Batting: RHB Yulieski Gurriel 0-0: Foul Ball, location: 2F
0-1: Called Strike
0-2: Strikes out swinging
Batting: LHB Andrew Benintendi 0-0: Swinging Strike
0-1: Ball
1-1: Ball
2-1: Ball
3-1: Foul Ball, location: 2F
3-2: Strikes out looking
Top of the 1st over - 0 runs, 0 hits, 0 errors, 0 left on base; Washington 0 - Los Angeles 0
BOTTOM OF THE 1ST
Los Angeles Dodgers batting - Pitching for Washington Nationals : RHP Alex Reyes
Pitching: RHP Alex Reyes
Batting: RHB Jose Peraza 0-0: Ball
1-0: Ball
2-0: Ball
3-0: Called Strike
3-1: Base on Balls
Batting: RHB Mookie Betts 0-0: Ball
1-0: DOUBLE (Flyball, 8LXD, EV 110.6 MPH)
Jose Peraza to third
Batting: RHB Jonathan Schoop 0-0: Foul Ball, location: 2F
0-1: Fly out, F8 (Flyball, 8LM, EV 90.0 MPH)
Runner from 3rd tags up, SCORES, no throw by CF
Batting: RHB Josh Donaldson 0-0: Called Strike
0-1: Fly out, F4 (Popup, 4M, EV 60.0 MPH)
Batting: RHB Randal Grichuk 0-0: Called Strike
0-1: Called Strike
0-2: Strikes out swinging
Bottom of the 1st over - 1 run, 1 hit, 0 errors, 1 left on base; Washington 0 - Los Angeles 1
TOP OF THE 2ND
Washington Nationals batting - Pitching for Los Angeles Dodgers : RHP Chris Archer
Batting: SHB Aaron Hicks 0-0: Reached on error, E4 (Groundball, 4, EV 99.4 MPH)
Batting: LHB Yonder Alonso 0-0: Swinging Strike
Pickoff Throw to First - Out! 1-3
0-1: Swinging Strike
0-2: Strikes out swinging
Batting: LHB Joe Panik 0-0: Ball
1-0: Foul Ball, location: 2F
1-1: Ball
2-1: Ball
3-1: Called Strike
3-2: Base on Balls
Batting: RHB Austin Barnes 0-0: Called Strike
0-1: Ball
1-1: Foul Ball, location: 2F
1-2: Strikes out swinging
Top of the 2nd over - 0 runs, 0 hits, 1 error, 1 left on base; Washington 0 - Los Angeles 1
BOTTOM OF THE 2ND
Los Angeles Dodgers batting - Pitching for Washington Nationals : RHP Alex Reyes
Batting: LHB Franchy Cordero 0-0: Ball
1-0: SINGLE (Line Drive, 3D, EV 94.4 MPH)
Batting: SHB Justin Smoak 0-0: Called Strike
0-1: Ball
1-1: Called Strike
1-2: Strikes out looking
Batting: LHB Tony Wolters 0-0: Called Strike
0-1: Foul Ball, location: 2F
0-2: Ball
1-2: Fielders Choice at 2nd, 6-4 (Groundball, 6, EV 86.9 MPH)
Batting: RHB Chris Archer 0-0: Foul Ball, location: 2F
0-1: Ground out 5-3 (Groundball, 56S, EV 80.0 MPH)
Bottom of the 2nd over - 0 runs, 1 hit, 0 errors, 1 left on base; Washington 0 - Los Angeles 1
TOP OF THE 3RD
Washington Nationals batting - Pitching for Los Angeles Dodgers : RHP Chris Archer
Batting: RHB Jose Pirela 0-0: Ball
1-0: Ball
2-0: Ball
3-0: Base on Balls
Batting: RHB Alex Reyes 0-0: Ball
1-0: Sac Bunt to 2L - play at first, batter OUT! 2-4
Jose Pirela to second
Batting: RHB Chris Taylor 0-0: Ball
1-0: Called Strike
1-1: Ball
2-1: Ball
3-1: Base on Balls
Batting: RHB Yulieski Gurriel 0-0: Swinging Strike
0-1: Ground out 5-3 (Groundball, 56S, EV 71.3 MPH)
Jose Pirela to third
Chris Taylor to second
Batting: LHB Andrew Benintendi 0-0: Foul Ball, location: 2F
0-1: SINGLE (Line Drive, 7LS, EV 91.9 MPH)
Jose Pirela scores
Chris Taylor to third
Runner from 3rd tries for Home, SAFE, throw by LF to home
Batting: SHB Aaron Hicks 0-0: Ball
1-0: Called Strike
1-1: Ground out 1-3 (Groundball, 13, EV 83.1 MPH)
Top of the 3rd over - 2 runs, 1 hit, 0 errors, 1 left on base; Washington 2 - Los Angeles 1
BOTTOM OF THE 3RD
Los Angeles Dodgers batting - Pitching for Washington Nationals : RHP Alex Reyes
Batting: RHB Jose Peraza 0-0: Ball
1-0: Ball
2-0: Ball
3-0: Foul Ball, location: 2F
3-1: Called Strike
3-2: SINGLE (Line Drive, 6MD, EV 97.5 MPH)
Batting: RHB Mookie Betts 0-0: Fielders Choice at 2nd, 6-4 (Groundball, 6, EV 90.0 MPH)
Batting: RHB Jonathan Schoop 0-0: Foul Ball, location: 2F
0-1: Ball
1-1: Foul Ball, location: 2F
1-2: Fly out, F9 (Flyball, 9D, EV 101.9 MPH)
Batting: RHB Josh Donaldson 0-0: Ball
1-0: Ball
2-0: Ball
3-0: Called Strike
3-1: Base on Balls
Mookie Betts to second
Batting: RHB Randal Grichuk 0-0: Ball
1-0: Ball
2-0: Ball
3-0: Base on Balls
Mookie Betts to third
Josh Donaldson to second
Batting: LHB Franchy Cordero 0-0: Called Strike
0-1: Ball
1-1: Ball
2-1: Fly out, F5 (Popup, P, EV 86.9 MPH)
Bottom of the 3rd over - 0 runs, 1 hit, 0 errors, 3 left on base; Washington 2 - Los Angeles 1
TOP OF THE 4TH
Washington Nationals batting - Pitching for Los Angeles Dodgers : RHP Chris Archer
Batting: LHB Yonder Alonso 0-0: Ball
1-0: Ball
2-0: Swinging Strike
2-1: SINGLE (Groundball, 4MD, EV 103.8 MPH)
Batting: LHB Joe Panik 0-0: Ball
1-0: Foul Ball, location: 2F
1-1: DOUBLE (Groundball, 5L, EV 106.9 MPH)
Yonder Alonso to third
Batting: RHB Austin Barnes 0-0: Ball
1-0: Foul Ball, location: 2F
1-1: Foul Ball, location: 2F
1-2: Ball
2-2: SINGLE (Line Drive, 56D, EV 96.3 MPH)
Yonder Alonso scores
Joe Panik to third
Batting: RHB Jose Pirela 0-0: Foul Ball, location: 2F
0-1: Ball
1-1: Ball
2-1: Ball
3-1: Grounds into double play, 4-6-3 (Groundball, 4, EV 85.6 MPH)
Joe Panik scores
Batting: RHB Alex Reyes 0-0: Ground out U3 (Groundball, 34, EV 82.5 MPH)
Top of the 4th over - 2 runs, 3 hits, 0 errors, 0 left on base; Washington 4 - Los Angeles 1
BOTTOM OF THE 4TH
Los Angeles Dodgers batting - Pitching for Washington Nationals : RHP Alex Reyes
Batting: SHB Justin Smoak 0-0: Ball
1-0: Foul Ball, location: 2F
1-1: SINGLE (Line Drive, 34D, EV 99.4 MPH)
Batting: LHB Tony Wolters 0-0: Ball
1-0: Foul Ball, location: 2F
1-1: Fly out, F8 (Line Drive, 8LM, EV 93.1 MPH)
Batting: RHB Chris Archer 0-0: Sac Bunt to 15S - play at first, batter OUT! 1-4
Justin Smoak to second
Batting: RHB Jose Peraza 0-0: Ball
1-0: Swinging Strike
1-1: Fly out, F9 (Flyball, 9LSF, EV 91.3 MPH)
Bottom of the 4th over - 0 runs, 1 hit, 0 errors, 1 left on base; Washington 4 - Los Angeles 1
TOP OF THE 5TH
Washington Nationals batting - Pitching for Los Angeles Dodgers : RHP Chris Archer
Batting: RHB Chris Taylor 0-0: Ball
1-0: Ground out 6-3 (Groundball, 6, EV 88.1 MPH)
Batting: RHB Yulieski Gurriel 0-0: Foul Ball, location: 2F
0-1: Ball
1-1: Ball
2-1: Ground out 6-3 (Groundball, 6, EV 85.0 MPH)
Batting: LHB Andrew Benintendi 0-0: Ball
1-0: Swinging Strike
1-1: Foul Ball, location: 2F
1-2: Ball
2-2: Foul Ball, location: 2F
2-2: DOUBLE (Flyball, 78D, EV 110.0 MPH)
Batting: SHB Aaron Hicks 0-0: Foul Ball, location: 2F
0-1: Foul Ball, location: 2F
0-2: Foul Ball, location: 2F
0-2: Ball
1-2: Ball
2-2: Foul Ball, location: 2F
2-2: Fly out, F8 (Line Drive, 8RD, EV 89.4 MPH)
Top of the 5th over - 0 runs, 1 hit, 0 errors, 1 left on base; Washington 4 - Los Angeles 1
BOTTOM OF THE 5TH
Los Angeles Dodgers batting - Pitching for Washington Nationals : RHP Alex Reyes
Batting: RHB Mookie Betts 0-0: Called Strike
0-1: Swinging Strike
0-2: Ball
1-2: Ground out 5-3 (Groundball, 5, EV 78.1 MPH)
Batting: RHB Jonathan Schoop 0-0: Ground out 6-3 (Groundball, 6, EV 83.1 MPH)
Batting: RHB Josh Donaldson 0-0: Ball
1-0: Called Strike
1-1: Called Strike
1-2: Foul Ball, location: 2F
1-2: Ball
2-2: Strikes out swinging
Bottom of the 5th over - 0 runs, 0 hits, 0 errors, 0 left on base; Washington 4 - Los Angeles 1
TOP OF THE 6TH
Washington Nationals batting - Pitching for Los Angeles Dodgers : RHP Chris Archer
Batting: LHB Yonder Alonso 0-0: Ball
1-0: Foul Ball, location: 2F
1-1: Foul Ball, location: 2F
1-2: Ball
2-2: Fly out, F7 (Flyball, 7, EV 73.1 MPH)
Batting: LHB Joe Panik 0-0: Ground out 1-3 (Groundball, 34S, EV 86.3 MPH)
Batting: RHB Austin Barnes 0-0: Ball
1-0: Ball
2-0: Ball
3-0: Called Strike
3-1: Foul Ball, location: 2F
3-2: Base on Balls
Batting: RHB Jose Pirela 0-0: Ball
1-0: Ball
2-0: Foul Ball, location: 2F
2-1: DOUBLE (Line Drive, 7LM, EV 100.6 MPH)
Austin Barnes to third
Runner from 3rd tries for Home, SAFE, throw by LF to trailing runner, SAFE at third!
Batting: RHB Alex Reyes 0-0: Called Strike
0-1: Called Strike
0-2: Fly out, F7 (Flyball, 7S, EV 88.8 MPH)
Top of the 6th over - 1 run, 1 hit, 0 errors, 1 left on base; Washington 5 - Los Angeles 1
BOTTOM OF THE 6TH
Los Angeles Dodgers batting - Pitching for Washington Nationals : RHP Alex Reyes
Batting: RHB Randal Grichuk 0-0: Ball
1-0: Ball
2-0: Ball
3-0: Base on Balls
Batting: LHB Franchy Cordero 0-0: Called Strike
0-1: Called Strike
0-2: Fly out, F9 (Flyball, 9D, EV 85.0 MPH)
Batting: SHB Justin Smoak 0-0: Ball
1-0: Ball
2-0: Ball
3-0: Base on Balls
Randal Grichuk to second
Batting: LHB Tony Wolters 0-0: Ball
1-0: Swinging Strike
1-1: Swinging Strike
1-2: Ball
2-2: Foul Ball, location: 2F
2-2: Fielders Choice at 2nd, 6-4 (Groundball, 6M, EV 88.8 MPH)
Randal Grichuk to third
Pinch Hitting: LHB Brett Gardner 0-0: Foul Ball, location: 2F
0-1: Ball
1-1: Foul Ball, location: 2F
1-2: Foul Ball, location: 2F
1-2: Ball
2-2: Ball
3-2: Base on Balls
Tony Wolters to second
Batting: RHB Jose Peraza 0-0: Ball
1-0: Ball
2-0: Ball
3-0: Base on Balls
Randal Grichuk scores
Tony Wolters to third
Brett Gardner to second
Pitching: LHP Adam Morgan
Batting: RHB Mookie Betts 0-0: Called Strike
0-1: Called Strike
0-2: SINGLE (Line Drive, 6MD, EV 95.6 MPH)
Tony Wolters scores
Brett Gardner to third
Jose Peraza to second
Batting: RHB Jonathan Schoop 0-0: Called Strike
0-1: Called Strike
0-2: Ball
1-2: Strikes out swinging
Bottom of the 6th over - 2 runs, 1 hit, 0 errors, 3 left on base; Washington 5 - Los Angeles 3
TOP OF THE 7TH
Washington Nationals batting - Pitching for Los Angeles Dodgers : RHP Chris Archer
Pitching: RHP Scott Oberg
Batting: RHB Chris Taylor 0-0: Ball
1-0: Called Strike
1-1: Swinging Strike
1-2: Strikes out swinging
Batting: RHB Yulieski Gurriel 0-0: Ball
1-0: Called Strike
1-1: Foul Ball, location: 2F
1-2: Ball
2-2: Strikes out swinging
Batting: LHB Andrew Benintendi 0-0: Foul Ball, location: 2F
0-1: Foul Ball, location: 2F
0-2: Ball
1-2: Ball
2-2: Foul Ball, location: 2F
2-2: Strikes out swinging
Top of the 7th over - 0 runs, 0 hits, 0 errors, 0 left on base; Washington 5 - Los Angeles 3
BOTTOM OF THE 7TH
Los Angeles Dodgers batting - Pitching for Washington Nationals : LHP Adam Morgan
Pitching: RHP Kyle Crick
Batting: RHB Josh Donaldson 0-0: Ball
1-0: Ball
2-0: Ball
3-0: Base on Balls
Batting: RHB Randal Grichuk 0-0: Called Strike
0-1: Ball
1-1: Swinging Strike
1-2: Strikes out swinging
Batting: LHB Franchy Cordero 0-0: Called Strike
0-1: Ball
1-1: Swinging Strike
1-2: Ball
2-2: Foul Ball, location: 2F
2-2: Ball
3-2: Base on Balls
Josh Donaldson to second
Pitching: RHP Bud Norris
Batting: SHB Justin Smoak 0-0: Called Strike
0-1: Called Strike
0-2: Ball
1-2: Ball
2-2: Ball
3-2: Fly out, F8 (Flyball, 8LD, EV 84.4 MPH)
Batting: LHB Tony Wolters 0-0: Called Strike
0-1: Ball
1-1: Foul Ball, location: 2F
1-2: Ball
2-2: Foul Ball, location: 2F
2-2: Foul Ball, location: 2F
2-2: Strikes out swinging
Bottom of the 7th over - 0 runs, 0 hits, 0 errors, 2 left on base; Washington 5 - Los Angeles 3
TOP OF THE 8TH
Washington Nationals batting - Pitching for Los Angeles Dodgers : RHP Scott Oberg
Batting: SHB Aaron Hicks 0-0: Foul Ball, location: 2F
0-1: Foul Ball, location: 2F
0-2: Ball
1-2: Foul Ball, location: 2F
1-2: Ball
2-2: Ball
3-2: Strikes out swinging
Batting: LHB Yonder Alonso 0-0: Ball
1-0: Ground out 4-3 (Groundball, 34, EV 110.0 MPH)
Batting: LHB Joe Panik 0-0: Ball
1-0: Swinging Strike
1-1: Ball
2-1: Fly out, F4 (Line Drive, 4, EV 63.1 MPH)
Top of the 8th over - 0 runs, 0 hits, 0 errors, 0 left on base; Washington 5 - Los Angeles 3
BOTTOM OF THE 8TH
Los Angeles Dodgers batting - Pitching for Washington Nationals : RHP Bud Norris
Batting: RHB Scott Oberg 0-0: Called Strike
0-1: Called Strike
0-2: Strikes out swinging
Batting: RHB Jose Peraza 0-0: Ball
1-0: Foul Ball, location: 2F
1-1: Swinging Strike
1-2: Ball
2-2: Strikes out swinging
Batting: RHB Mookie Betts 0-0: Called Strike
0-1: Ball
1-1: Foul Ball, location: 2F
1-2: Ball
2-2: Ball
3-2: Strikes out swinging
Bottom of the 8th over - 0 runs, 0 hits, 0 errors, 0 left on base; Washington 5 - Los Angeles 3
TOP OF THE 9TH
Washington Nationals batting - Pitching for Los Angeles Dodgers : RHP Scott Oberg
Pitching: RHP Jacob Barnes
Batting: RHB Austin Barnes 0-0: Ball
1-0: Ball
2-0: Foul Ball, location: 2F
2-1: Ball
3-1: Swinging Strike
3-2: Strikes out swinging
Batting: RHB Jose Pirela 0-0: Ball
1-0: Ball
2-0: Swinging Strike
2-1: Ball
3-1: Base on Balls
Pinch Hitting: SHB Alen Hanson 0-0: Ball
1-0: Foul Ball, location: 2F
1-1: Foul Ball, location: 2F
1-2: Strikes out swinging
Batting: RHB Chris Taylor 0-0: Ball
1-0: Ball
2-0: Called Strike
2-1: Ball
3-1: Base on Balls
Jose Pirela to second
Pitching: RHP Jonathan Holder
Batting: RHB Yulieski Gurriel 0-0: Fly out, F9 (Flyball, 9S, EV 86.3 MPH)
Top of the 9th over - 0 runs, 0 hits, 0 errors, 2 left on base; Washington 5 - Los Angeles 3
BOTTOM OF THE 9TH
Los Angeles Dodgers batting - Pitching for Washington Nationals : RHP Bud Norris
Pitching: RHP Jeremy Jeffress
Batting: RHB Jonathan Schoop 0-0: Ground out 5-3 (Groundball, 56, EV 83.8 MPH)
Batting: RHB Josh Donaldson 0-0: Called Strike
0-1: Called Strike
0-2: Ball
1-2: Ball
2-2: DOUBLE (Groundball, 5L, EV 104.4 MPH)
Batting: RHB Randal Grichuk 0-0: Ball
1-0: Ground out 5-3 (Groundball, 56, EV 85.0 MPH)
Batting: LHB Franchy Cordero 0-0: Ball
1-0: Ball
2-0: Called Strike
2-1: Foul Ball, location: 2F
2-2: Strikes out looking
Bottom of the 9th over - 0 runs, 1 hit, 0 errors, 1 left on base; Washington 5 - Los Angeles 3
Tuesday, August 13th, 2019 - OOTP Baseball 20.6 Build 54